 Dungeon Crawl Stone Soup version 0.27-a0-1555-g0e7b3fb1d2 (webtiles) character file.

Game seed: 7360910765275793962

5777 Morbidden the Destroyer (level 10, -1/73 HPs)
             Began as a Demonspawn Conjurer on July 15, 2021.
             Was an Initiate of Cheibriados.
             Hit by a large rock thrown by a cyclops (45 damage)
             ... on level 8 of the Dungeon.
             The game lasted 00:12:51 (9154 turns).

Morbidden the Destroyer (Demonspawn Conjurer)       Turns: 9154, Time: 00:12:52

Health: -1/73      AC:  5    Str: 11    XL:     10   Next: 50%
Magic:  17/19      EV: 19    Int: 21    God:    Cheibriados [......]
Gold:   391        SH:  0    Dex: 21    Spells: 9/21 levels left

rFire    . . .     SeeInvis .   a - +2 dagger (drain)
rCold    . . .     Faith    .   (no shield)
rNeg     . . .     Spirit   .   A - +0 steam dragon scales
rPois    .         Reflect  .   (no helmet)
rElec    .         Harm     .   (no cloak)
rCorr    .         Rampage  .   (no gloves)
Will     .....                  (no boots)
Stlth    +++++.....             (no amulet)
HPRegen  0.22/turn              z - +4 ring of evasion
MPRegen  0.16/turn              F - +6 ring of dexterity

@: very slow
A: thin skeletal structure 1, demonic guardian 2, demonic magic 3
a: Renounce Religion, Bend Time


You were on level 8 of the Dungeon.
You worshipped Cheibriados.
Cheibriados was noncommittal.
You visited 2 branches of the dungeon, and saw 9 of its levels.

You collected 391 gold pieces.

Inventory:

Hand Weapons
 a - a +2 dagger of draining (weapon)
 B - a +0 scimitar
Missiles
 n - 6 throwing nets
 y - 2 boomerangs
 D - a curare-tipped dart (quivered)
Armour
 A - +0 steam dragon scales (worn)
Jewellery
 v - a ring of fire
 z - a +4 ring of evasion (left hand)
 C - a ring of positive energy
 F - a +6 ring of dexterity (right hand)
Wands
 t - a wand of digging (5)
 E - a wand of flame (15)
Scrolls
 c - 8 scrolls of identify {unknown}
 f - 2 scrolls of acquirement {unknown}
 i - 3 scrolls of torment {unknown}
 j - 4 scrolls of enchant weapon {unknown}
 l - 4 scrolls of teleportation {unknown}
 m - 2 scrolls of fog {unknown}
 p - a scroll of immolation {unknown}
 q - a scroll of summoning {unknown}
 w - 2 scrolls of vulnerability {unknown}
 x - a scroll of magic mapping {unknown}
Potions
 b - a potion of lignification {unknown}
 d - 2 potions of curing {unknown}
 e - a potion of magic {unknown}
 g - a potion of degeneration {unknown}
 h - 2 potions of haste {unknown}
 k - 2 potions of heal wounds {unknown}
 o - a potion of cancellation {unknown}
 r - 4 potions of attraction {unknown}
 s - 2 potions of flight {unknown}
 u - a potion of berserk rage {unknown}


   Skills:
 * Level 4.7 Fighting
 + Level 2.7 Short Blades
 * Level 5.1 Dodging
 + Level 6.9 Stealth
 + Level 0.2 Unarmed Combat
 * Level 6.4 Spellcasting
 * Level 8.5 Conjurations
 * Level 4.3 Translocations
 * Level 2.1 Fire Magic
 * Level 2.0 Earth Magic
 * Level 2.0 Invocations


You had 9 spell levels left.
You knew the following spells:

 Your Spells              Type           Power      Damage    Failure   Level
a - Magic Dart            Conj           100%       1d8       1%          1
b - Searing Ray           Conj           84%        3d6       1%          2
d - Bolt of Magma         Conj/Fire/Erth 12%        4d8       41%         5
z - Iskenderun's Mystic   Conj/Tloc      33%        2d8       7%          4

Your spell library contained the following spells:

 Spells                   Type           Power      Damage    Failure   Level
 Dazzling Flash           Conj/Hex       48%        N/A       4%          3
 Mephitic Cloud           Conj/Pois/Air  18%        N/A       9%          3
 Ensorcelled Hibernation  Hex/Ice        12%        N/A       14%         2
 Fulminant Prism          Conj/Hex       12%        3d9       16%         4
 Ignite Poison            Fire/Tmut/Pois 9%         N/A       21%         3
 Spider Form              Tmut/Pois      3%         N/A       28%         3
 Shadow Creatures         Summ           N/A        N/A       100%        6


Dungeon Overview and Level Annotations

Branches:
Dungeon (8/15)             Temple (1/1) D:6
   Lair: D:8-11

Altars:
Ashenzari
Cheibriados
Dithmenos
Elyvilon
Fedhas
Gozag
Hepliaklqana
Kikubaaqudgha
Makhleb
Okawaru
Qazlal
Ru
Sif Muna
Trog
Uskayaw
Vehumet
Xom
Yredelemnul
Zin
The Shining One

Annotations:
D:4 1 runed translucent door, Crazy Yiuf


Innate Abilities, Weirdness & Mutations

You have a somewhat thin skeletal structure. (Dex +2, Stealth+)
A demonic guardian rushes to your aid.
Spells you cast and wands you use may paralyse nearby enemies.


Message History

You feel sick. x8
You are no longer poisoned.
You start resting.
Magic restored.
A black bear comes into view.
Items here: ( ) [ †.
Casting: Magic Dart (safe; 1% risk of failure)
Confirm with . or Enter, or press ? or * to list all spells.
You can't see any susceptible monsters within range! (Use Z to cast anyway.)
A black bear is nearby!
Casting: Magic Dart (safe; 1% risk of failure)
Confirm with . or Enter, or press ? or * to list all spells.
Aiming: Magic Dart (safe; 1% risk of failure)
Press: ? - help, Shift-Dir - straight line, f - black bear
Aim: a black bear (wandering, hasn't noticed you, 100% to hit)
The magic dart hits the black bear.
The black bear is lightly wounded.
The black bear growls angrily.
Malevolent energies surge around you. The black bear misses you. x2
The black bear completely misses you.
A cyclops comes into view.
Unknown command.
Casting: Magic Dart (safe; 1% risk of failure)
Confirm with . or Enter, or press ? or * to list all spells.
Aiming: Magic Dart (safe; 1% risk of failure)
Press: ? - help, Shift-Dir - straight line, f/p - black bear
Aim: a black bear (lightly wounded, 100% to hit)
The magic dart hits the black bear.
The black bear is moderately wounded.
Malevolent energies surge around you.
The cyclops shouts!
The black bear barely misses you.
The black bear claws you but does no damage.
The black bear misses you.
Unknown command.
The black bear bites you.
The black bear claws you but does no damage. x2
The cyclops throws a large rock.
The large rock hits you!!!
Ouch! That really hurt!
You die...

..... #. .........
.## ....... ..
..... #.# ##..# # #
#..##...#####.##
#.. #.#..#.........
.....#..@...†.....#
#C.....[h..<.###
##..####.###÷## #
...# #..### #.###
##...### ...
###...# ..# ###.#
... .# #. .


You could see a cyclops and a black bear.

Vanquished Creatures
  Harold (D:7)
  Pikel (D:4)
  6 yaks (D:5)
  A wyvern (D:8)
  A steam dragon (D:6)
  3 vampire mosquitoes (D:8)
  2 water moccasins
  Duvessa (D:4)
  An ice beast (D:7)
  A sky beast (D:6)
  3 black bears
  3 necrophages
  3 ogres
  A lemure (D:4)
  A kobold brigand (D:7)
  5 phantoms
  Dowan (D:4)
  3 scorpions
  A wyvern skeleton (D:7)
  A howler monkey (D:8)
  A bullfrog zombie (D:5)
  A centaur zombie (D:4)
  3 centaur skeletons
  4 orc priests
  6 hounds
  2 iguanas
  Natasha (thrice) (D:4)
  4 orc wizards
  A hound skeleton (D:5)
  13 gnolls
  A howler monkey skeleton (D:6)
  8 adders
  2 white imps
  A worm (D:3)
  2 dart slugs
  18 orcs
  5 endoplasms
  6 giant cockroaches
  2 goblins
  4 hobgoblins
  5 jackals
  2 quokkas
  3 ball pythons
  4 bats
  A frilled lizard (D:3)
  12 kobolds
  6 rats
160 creatures vanquished.

Vanquished Creatures (collateral kills)
  A necrophage (D:6)
  A kobold brigand (D:7)
  An orc (D:3)
  A jackal (D:1)
  A frilled lizard (D:1)
  2 kobolds
7 creatures vanquished.

Grand Total: 167 creatures vanquished

Notes
Turn   | Place    | Note
-------+----------+-------------------------------------------
     0 | D:1      | Morbidden the Demonspawn Conjurer began the quest for the
                  | Orb.
     0 | D:1      | Reached XP level 1. HP: 13/13 MP: 3/3
   248 | D:1      | Found a faded altar of an unknown god.
   383 | D:1      | Gained mutation: A weak demonic guardian rushes to your
                  | aid. [demonic ancestry]
   383 | D:1      | Reached XP level 2. HP: 19/19 MP: 0/5
   597 | D:1      | Learned a level 2 spell: Searing Ray
  1281 | D:2      | Reached XP level 3. HP: 24/24 MP: 2/6
  1584 | D:2      | Reached skill level 5 in Conjurations
  1802 | D:2      | Reached XP level 4. HP: 31/31 MP: 4/7
  2469 | D:3      | Reached skill level 1 in Fighting
  2587 | D:3      | Found an iron altar of Okawaru.
  2723 | D:3      | Gained mutation: You have a somewhat thin skeletal
                  | structure. (Dex +2, Stealth+) [demonic ancestry]
  2723 | D:3      | Reached XP level 5. HP: 35/37 MP: 4/8
  3663 | D:3      | Found a stormy altar of Qazlal.
  4007 | D:4      | Noticed Natasha
  4014 | D:4      | Killed Natasha
  4015 | D:4      | Reached skill level 6 in Conjurations
  4125 | D:4      | Learned a level 4 spell: Iskenderun's Mystic Blast
  4141 | D:4      | Noticed a necrophage
  4149 | D:4      | Killed a necrophage
  4150 | D:4      | Gained mutation: Spells you cast may paralyse adjacent
                  | enemies. [demonic ancestry]
  4150 | D:4      | Reached XP level 6. HP: 38/43 MP: 1/11
  4234 | D:4      | Noticed Natasha
  4241 | D:4      | Killed Natasha
  4418 | D:4      | Noticed Natasha
  4429 | D:4      | Killed Natasha
  4501 | D:4      | Reached skill level 1 in Translocations
  4501 | D:4      | Gained mutation: Spells you cast may paralyse nearby
                  | enemies. [demonic ancestry]
  4501 | D:4      | Reached XP level 7. HP: 48/49 MP: 10/12
  4831 | D:4      | Noticed Dowan
  4833 | D:4      | Noticed Duvessa
  4845 | D:4      | Killed Duvessa
  4849 | D:4      | Killed Dowan
  5288 | D:4      | Found a runed translucent door.
  5289 | D:4      | Noticed Crazy Yiuf
  5299 | D:4      | Noticed Pikel
  5317 | D:4      | Killed Pikel
  5318 | D:4      | Reached skill level 1 in Short Blades
  5318 | D:4      | Reached skill level 7 in Conjurations
  5318 | D:4      | Gained mutation: Spells you cast and wands you use may
                  | paralyse nearby enemies. [demonic ancestry]
  5318 | D:4      | Reached XP level 8. HP: 35/57 MP: 9/14
  5583 | D:5      | Entered Level 5 of the Dungeon
  5951 | D:5      | Reached skill level 5 in Stealth
  5951 | D:5      | Reached skill level 5 in Spellcasting
  5959 | D:5      | Reached XP level 9. HP: 53/64 MP: 9/16
  6762 | D:5      | Learned a level 5 spell: Bolt of Magma
  7077 | D:6      | Found a staircase to the Ecumenical Temple.
  7144 | Temple   | Entered the Ecumenical Temple
  7239 | Temple   | Became a worshipper of Cheibriados the Contemplative
  7265 | D:6      | Reached skill level 8 in Conjurations
  7269 | D:6      | Reached skill level 1 in Fire Magic
  7357 | D:6      | Reached skill level 1 in Earth Magic
  7377 | D:6      | Found a sacrificial altar of Ru.
  7697 | D:6      | Identified the +0 leather armour of Generosity {Str+6
                  | Int-5}
  7983 | D:7      | Gained mutation: A demonic guardian rushes to your aid.
                  | [demonic ancestry]
  7983 | D:7      | Reached XP level 10. HP: 69/73 MP: 13/19
  8076 | D:7      | Noticed Harold
  8092 | D:7      | Killed Harold
  8687 | D:7      | Found a bloodstained altar of Trog.
  8922 | D:8      | Reached skill level 5 in Dodging
  9152 | D:8      | Noticed a cyclops
  9154 | D:8      | Hit by a large rock thrown by a cyclops

Illustrated notes

Levels and vault maps discovered:
D:1:      mrwooster_arrival_arrow, layout_basic,
          hellmonk_ecumenical_altar_pennies_from_heaven
D:2:      layout_loops_ring, minmay_pentomino_w4
D:3:      layout_basic, lemuel_crystal_altar, general_overflow_altar
D:4:      layout_gridville, uniq_duvessa, uniq_natasha, uniq_pikel,
          uniq_crazy_yiuf_cottage
D:5:      layout_basic, grunt_ministairs_11
D:6:      layout_basic, amcnicky_altar_gilded, minmay_temple_entry_slanted
D:7:      layout_rooms, lemuel_doored_altar, uniq_harold
D:8:      cheibrodos_barr_body, layout_rooms, nicolae_overflow_hidden_temple
Temple:   lightli_temple_of_artemis

Skill      XL: |  1  2  3  4  5  6  7  8  9 10 |
---------------+-------------------------------+-----
Stealth        | 2 4 5 6 |  6.9
Conjurations   | 5 6 7 8 |  8.5
Dodging        | 2 3 4 5 |  5.1
Fighting       | 1 2 3 4 |  4.7
Spellcasting   | 3 4 5 6 |  6.4
Translocations | 1 2 3 4 |  4.3
Short Blades   | 1 2 |  2.7
Fire Magic     | 1 2 |  2.1
Earth Magic    | 1 2 |  2.0
Invocations    | 2 |  2.0
Unarmed Combat | |  0.2

Action                   |  1- 3 |  4- 6 |  7- 9 | 10-12 || total
-------------------------+-------+-------+-------+-------++-------
Melee: Unarmed           |    11 |       |       |       ||    11
       Dagger            |     5 |    30 |    76 |    29 ||   140
 Cast: Magic Dart        |    70 |    93 |   142 |    69 ||   374
       Searing Ray       |     1 |     9 |    10 |     9 ||    29
 Stab: Paralysed         |       |    10 |    54 |    18 ||    82
       Sleeping          |       |       |     2 |       ||     2
Armor: Robe              |     9 |     1 |     3 |       ||    13
       Steam dragon scal |       |       |     3 |     8 ||    11
Dodge: Dodged            |    21 |    17 |    39 |    47 ||   124

Table legend: (Time is in decaauts)
 A = Elapsed time spent in this place.
 B = Non-inter-level travel time spent in this place.
 C = Inter-level travel time spent in this place.
 D = Time resting spent in this place.
 E = Time spent auto-exploring this place.
 F = Levels seen in this place.
 G = Mean time per level.
                   A        B        C        D        E       F      G
               +--------+--------+--------+--------+--------+-----+--------+
         Total |   9425 |   9185 |    240 |    391 |   7638 |   9 | 1047.2 |
       Dungeon |   9312 |   9089 |    223 |    391 |   7549 |   8 | 1164.0 |
        Temple |    113 |     97 |     16 |      0 |     89 |   1 |  113.0 |
               +--------+--------+--------+--------+--------+-----+--------+

Top non-repeatable levels by time:
     D:3: 1765 daAuts
     D:4: 1652 daAuts
     D:7: 1316 daAuts
     D:5: 1209 daAuts
     D:2: 1119 daAuts
     D:6: 1072 daAuts
     D:1: 1059 daAuts
     D:8: 117 daAuts
  Temple: 113 daAuts
